 Dungeon Crawl Stone Soup version 0.21.0-25-ge575cb9 (webtiles) character file.

5864 manyhoops the Protected (level 10, -1/71 HPs)
             Began as a Gnoll Wanderer on Jan 24, 2018.
             Was a Believer of Hepliaklqana.
             Succumbed to a queen bee's poison
             ... on level 8 of the Dungeon.
             The game lasted 00:16:34 (6883 turns).

manyhoops the Protected (Gnoll Wanderer)            Turns: 6883, Time: 00:16:35

Health: -1/71      AC: 11    Str: 18    XL:     10   Next: 81%
Magic:  11/18      EV: 13    Int: 16    God:    Hepliaklqana [**....]
Gold:   552        SH:  0    Dex: 15    Spells: 8/20 levels left

rFire    + + .     SeeInvis .   m - +0 quarterstaff of Pusipos {distort, *Contam rElec MR++ Str-5}
rCold    + + .     Gourm    .   (shield currently unavailable)
rNeg     . . .     Faith    .   a - +2 scale mail
rPois    .         Spirit   .   (no helmet)
rElec    +         Reflect  .   t - scarf {rC+ rF+}
rCorr    .         Harm     .   (no gloves)
MR       ++...                  g - +0 pair of boots
Stlth    ++........             h - amulet of regeneration
HPRegen  0.61/turn              i - ring of protection from fire
MPRegen  0.16/turn              C - +3 ring of slaying

@: mighty, lethally poisoned (-1 -> -5)
A: distributed training, reduced essence, fangs 1, thin skeletal structure 1,
cold resistance 1, mutation resistance 1, subdued magic 1, strong nose
a: Recall Ancestor, Ancestor Identity, Renounce Religion


You were on level 8 of the Dungeon.
You worshipped Hepliaklqana.
Hepliaklqana was pleased with you.
You were not hungry.

You visited 1 branch of the dungeon, and saw 8 of its levels.

You collected 552 gold pieces.

Inventory:

Hand Weapons
 e - a +0 morningstar
 m - the +0 quarterstaff of Pusipos (weapon) {distort, *Contam rElec MR++ Str-5}
   (You found it on level 7 of the Dungeon)

   It warps and distorts space around it.
   Unwielding it can cause banishment or high damage.
   It affects your strength (-5).
   It insulates you from electricity.
   It affects your resistance to hostile enchantments.
   It causes magical contamination when unequipped.
 x - a +2 long sword
Armour
 a - a +2 scale mail (worn)
 g - a +0 pair of boots (worn)
 t - a scarf of resistance (worn)
 w - a +2 large shield
Jewellery
 h - an amulet of regeneration (around neck)
 i - a ring of protection from fire (left hand)
 B - the amulet of Vitality {Regen+ HP+15}
   (You found it on level 8 of the Dungeon)

   [amulet of regeneration]

   It affects your health (+15).
   It increases your rate of regeneration.
 C - a +3 ring of slaying (right hand)
Wands
 n - a wand of random effects (34)
 p - a wand of clouds (4)
 u - a wand of paralysis (11)
 A - a wand of flame (21)
Scrolls
 c - 2 scrolls of remove curse
 j - 4 scrolls of teleportation
 k - a scroll of enchant armour
 l - a scroll of summoning
 r - 2 scrolls of enchant weapon
 v - a scroll of fog
 y - a scroll of immolation {unknown}
 z - a scroll of fear {unknown}
 D - a scroll of random uselessness {unknown}
 E - a scroll of vulnerability {unknown}
Potions
 o - a potion of might
 q - 4 potions of cancellation
 s - 2 potions of magic
Books
 b - Sif Muna's Grimoire of the Trout

   Spells                             Type                      Level
   a - Sandblast                      Earth                        1
   b - Stone Arrow                    Conjuration/Earth            3
 d - a book of Callings

   Spells                             Type                      Level
   a - Summon Small Mammal            Summoning                    1
   b - Call Imp                       Summoning                    2
   c - Call Canine Familiar           Summoning                    3
   d - Summon Guardian Golem          Hexes/Summoning              3
   e - Summon Lightning Spire         Summoning/Air                4
   f - Summon Ice Beast               Ice/Summoning                4
Comestibles
 f - 11 rations


   Skills:
 + Level 7.2 Fighting
 + Level 5.5 Short Blades
 + Level 5.5 Long Blades
 + Level 5.5 Axes
 + Level 5.5 Maces & Flails
 + Level 5.5 Polearms
 + Level 5.5 Staves
 + Level 5.5 Slings
 + Level 5.5 Bows
 + Level 5.5 Crossbows
 + Level 6.1 Throwing
 + Level 8.7 Armour
 + Level 5.5 Dodging
 + Level 5.5 Stealth
 + Level 6.1 Shields
 + Level 5.5 Unarmed Combat
 + Level 5.5 Spellcasting
 + Level 4.5 Conjurations
 + Level 4.5 Hexes
 + Level 4.5 Charms
 + Level 7.2 Summonings
 + Level 4.5 Necromancy
 + Level 4.5 Translocations
 + Level 4.5 Transmutations
 + Level 4.5 Fire Magic
 + Level 4.5 Ice Magic
 + Level 4.5 Air Magic
 + Level 4.5 Earth Magic
 + Level 4.5 Poison Magic
 + Level 6.1 Invocations
 + Level 5.5 Evocations


You had 8 spell levels left.
You knew the following spells:

 Your Spells              Type           Power        Failure   Level  Hunger
a - Sandblast             Erth           ##....       4%          1    None
b - Call Canine Familiar  Summ           ###.....     4%          3    ###....
c - Summon Guardian Gole  Hex/Summ       ###.....     9%          3    ###....
d - Call Imp              Summ           ###.....     2%          2    #......
e - Stone Arrow           Conj/Erth      ##....       16%         3    ###....


Dungeon Overview and Level Annotations

Branches:
Dungeon (8/15)             Temple (0/1) D:6
   Lair: D:8-11

Altars:
Ashenzari
Elyvilon
Hepliaklqana
Kikubaaqudgha
Okawaru
Qazlal
Ru
Uskayaw
Vehumet
Wu Jian
Xom
Zin
The Shining One


Innate Abilities, Weirdness & Mutations

Your experience applies equally to all skills.
You have very sharp teeth.
Your uncanny sense of smell can sniff out nearby items.
Your life essence is reduced to manifest your ancestor. (-10% HP)
You have a somewhat thin skeletal structure. (Dex +2, Stealth)
Your flesh is cold resistant. (rC+)
You are somewhat resistant to further mutation.
Your spells are a little easier to cast, but a little less powerful.


Message History

* * * LOW HITPOINT WARNING * * *
You feel sick.
The killer bee stings Ferran.
Ferran is destroyed!
A killer bee comes into view.
You feel very mighty all of a sudden.
* * * LOW HITPOINT WARNING * * *
You feel sick. The killer bee misses you. The killer bee closely misses you.
Okay, then.
* * * LOW HITPOINT WARNING * * *
You feel sick. The killer bee closely misses you.
The killer bee stings you but does no damage. x2
The killer bee stings you.
* * * LOW HITPOINT WARNING * * *
* * * LOW HITPOINT WARNING * * *
You feel sick.
The killer bee stings you but does no damage.
The killer bee misses you. The killer bee closely misses you. x2
The killer bee stings you but does no damage.
The killer bee closely misses you.
You die...

####### #####
#########...#############
.........................
)........................
########.......####..).##
#.......# #..)<#
#.......# #..))##
##@y.....# ##...)#.
#.yy..y..# #.....#.
#..†§§....### #.#+#.#.
#...y§....# #.###.#.
.....§§.....# #.....#.
.####.......# #######.
#.#.....# ## %##.....# .#
##....# ###


You could see 5 killer bees.

Vanquished Creatures
  The ghost of Moloch the Cleaver, a novice DsFi (D:5)
  Pikel (D:6)
  A deep elf mage (D:8)
  A hippogriff (D:7)
  Edmund (D:6)
  Duvessa (D:6)
  A water moccasin (D:6)
  2 phantoms
  2 ogres (D:5)
  2 centaurs
  A big kobold (D:8)
  An elf zombie (D:6)
  2 bullfrogs
  2 elf skeletons (D:6)
  2 scorpions
  11 wights
  5 killer bees
  A howler monkey (D:8)
  2 crimson imps (D:6)
  A human zombie (D:6)
  A centaur skeleton (D:8)
  A hound (D:7)
  An orc priest (D:3)
  An orc wizard (D:8)
  2 human skeletons (D:6)
  Terence (D:2)
  3 iguanas
  4 worker ants (D:6)
  A hound skeleton (D:5)
  A worker ant zombie (D:5)
  7 adders
  2 shadow imps
  An adder skeleton (D:5)
  4 worms
  2 dart slugs
  3 leopard geckos
  7 orcs
  4 giant cockroaches
  9 goblins
  9 hobgoblins
  12 jackals
  24 kobolds
  A quokka (D:8)
  4 bats
  7 frilled lizards
  A leopard gecko zombie (D:5)
  7 rats
161 creatures vanquished.

Vanquished Creatures (collateral kills)
  A queen bee (D:8)
  Sigmund (D:2)
  A hungry ghost (D:8)
  An ice beast (D:5)
  A slave (D:6)
  An orc warrior (D:8)
  A centaur (D:7)
  Blork the orc (D:6)
  Dowan (D:6)
  14 killer bees
  4 crimson imps
  A hound (D:4)
  A jelly (D:6)
  An orc priest (D:8)
  A hound skeleton (D:8)
  A howler monkey skeleton (D:4)
  An adder (D:8)
  An adder skeleton (D:4)
  A worm (D:2)
  A leopard gecko (D:7)
  An orc (D:8)
  A jackal (D:5)
  2 quokkas
  A quokka skeleton (D:8)
41 creatures vanquished.

Vanquished Creatures (others)
  A big kobold (D:8)
  A battlemage (D:8)
  4 ancestors
  An adder zombie (D:8)
7 creatures vanquished.

Grand Total: 209 creatures vanquished

Notes
Turn   | Place    | Note
-------+----------+-------------------------------------------
     0 | D:1      | manyhoops the Gnoll Wanderer began the quest for the Orb.
     0 | D:1      | manyhoops set off with: a +2 scale mail, Sif Muna's Grimoire of the Trout, a potion of curing, a +0 club, a ration
     0 | D:1      | Reached XP level 1. HP: 20/20 MP: 1/1
     4 | D:1      | Identified Sif Muna's Grimoire of the Trout
    48 | D:1      | Reached XP level 2. HP: 18/26 MP: 2/2
   577 | D:1      | Reached XP level 3. HP: 29/31 MP: 3/3
   923 | D:2      | Reached skill level 1 in Invocations
  1116 | D:2      | Noticed Sigmund
  1236 | D:1      | Reached skill level 1 in Short Blades
  1236 | D:1      | Reached skill level 1 in Long Blades
  1236 | D:1      | Reached skill level 1 in Axes
  1236 | D:1      | Reached skill level 1 in Maces & Flails
  1236 | D:1      | Reached skill level 1 in Polearms
  1236 | D:1      | Reached skill level 1 in Staves
  1236 | D:1      | Reached skill level 1 in Slings
  1236 | D:1      | Reached skill level 1 in Bows
  1236 | D:1      | Reached skill level 1 in Crossbows
  1236 | D:1      | Reached skill level 1 in Dodging
  1236 | D:1      | Reached skill level 1 in Stealth
  1236 | D:1      | Reached skill level 1 in Unarmed Combat
  1236 | D:1      | Reached skill level 1 in Spellcasting
  1236 | D:1      | Reached skill level 1 in Evocations
  1236 | D:1      | Reached XP level 4. HP: 37/38 MP: 5/5
  1448 | D:2      | Learned a level 1 spell: Sandblast
  1888 | D:3      | Reached skill level 1 in Conjurations
  1888 | D:3      | Reached skill level 1 in Hexes
  1888 | D:3      | Reached skill level 1 in Charms
  1888 | D:3      | Reached skill level 1 in Necromancy
  1888 | D:3      | Reached skill level 1 in Translocations
  1888 | D:3      | Reached skill level 1 in Transmutations
  1888 | D:3      | Reached skill level 1 in Fire Magic
  1888 | D:3      | Reached skill level 1 in Ice Magic
  1888 | D:3      | Reached skill level 1 in Air Magic
  1888 | D:3      | Reached skill level 1 in Earth Magic
  1888 | D:3      | Reached skill level 1 in Poison Magic
  2033 | D:3      | Reached XP level 5. HP: 33/43 MP: 5/7
  2157 | D:3      | Found a stormy altar of Qazlal.
  2286 | D:3      | You fall through a shaft for 3 floors!
  2343 | D:6      | Noticed a centaur
  2351 | D:6      | Noticed a phantom
  2359 | D:6      | Killed a centaur
  2359 | D:6      | Reached XP level 6. HP: 37/50 MP: 8/8
  2362 | D:6      | Found a glowing golden altar of the Shining One.
  2362 | D:6      | Found a glowing silver altar of Zin.
  2362 | D:6      | Found a hazy altar of Hepliaklqana.
  2371 | D:6      | Became a worshipper of Hepliaklqana the Forgotten
  2376 | D:6      | Noticed a water moccasin
  2383 | D:6      | Killed a water moccasin
  2383 | D:6      | Reached skill level 5 in Fighting
  2407 | D:5      | Entered Level 5 of the Dungeon
  2490 | D:5      | Noticed an ice beast
  2494 | D:5      | Killed an ice beast
  2494 | D:5      | Reached XP level 7. HP: 40/50 MP: 10/10
  2516 | D:5      | Reached skill level 7 in Armour
  2558 | D:5      | Noticed Moloch's ghost (novice DsFi)
  2650 | D:4      | Found a shattered altar of Ashenzari.
  2956 | D:4      | Reached * piety under Hepliaklqana
  3223 | D:3      | Learned a level 3 spell: Call Canine Familiar
  3227 | D:3      | Learned a level 3 spell: Summon Guardian Golem
  3365 | D:2      | Killed Sigmund
  3365 | D:2      | Reached XP level 8. HP: 38/56 MP: 9/12
  3450 | D:2      | Noticed Terence
  3458 | D:2      | Killed Terence
  3472 | D:2      | Found a shimmering altar of Xom.
  3606 | D:2      | Gained mutation: You are robust. (+10% HP) [potion of mutation]
  3606 | D:2      | Gained mutation: Armour fits poorly on your strangely shaped body. [potion of mutation]
  3606 | D:2      | Gained mutation: Your spells are a little easier to cast, but a little less powerful. [potion of mutation]
  3606 | D:2      | Gained mutation: You have a somewhat thin skeletal structure. (Dex +2, Stealth) [potion of mutation]
  3661 | D:5      | Killed Moloch's ghost
  4060 | D:6      | Found a radiant altar of Vehumet.
  4060 | D:6      | Found a sacrificial altar of Ru.
  4060 | D:6      | Found a hide-covered altar of Uskayaw.
  4060 | D:6      | Found an ancient bone altar of Kikubaaqudgha.
  4060 | D:6      | Noticed Blork the orc
  4066 | D:6      | Killed Blork the orc
  4066 | D:6      | Reached XP level 9. HP: 55/69 MP: 5/14
  4224 | D:6      | Noticed Pikel
  4302 | D:6      | Noticed Edmund
  4306 | D:6      | Killed Edmund
  4469 | D:6      | Found an ornate altar of the Wu Jian Council.
  4510 | D:6      | Noticed Dowan
  4511 | D:6      | Noticed Duvessa
  4857 | D:6      | Lost mutation: Armour fits poorly on your strangely shaped body. [potion of mutation]
  4857 | D:6      | Lost mutation: Your spells are a little easier to cast, but a little less powerful. [potion of mutation]
  4857 | D:6      | Lost mutation: You are robust. (+10% HP) [potion of mutation]
  4857 | D:6      | Gained mutation: Your spells are a little easier to cast, but a little less powerful. [potion of mutation]
  4857 | D:6      | Gained mutation: Your flesh is cold resistant. (rC+) [potion of mutation]
  4857 | D:6      | Gained mutation: You are somewhat resistant to further mutation. [potion of mutation]
  4861 | D:6      | Learned a level 2 spell: Call Imp
  4865 | D:6      | Learned a level 3 spell: Stone Arrow
  4949 | D:6      | Reached skill level 5 in Throwing
  4949 | D:6      | Reached skill level 5 in Shields
  5034 | D:6      | Killed Duvessa
  5062 | D:6      | Killed Dowan
  5077 | D:6      | Killed Pikel
  5077 | D:6      | Reached skill level 8 in Armour
  5077 | D:6      | Reached skill level 5 in Invocations
  5267 | D:6      | Found a staircase to the Ecumenical Temple.
  5407 | D:7      | Reached XP level 10. HP: 54/69 MP: 17/17
  5889 | D:7      | Got a translucent quarterstaff
  5890 | D:7      | Identified the +0 quarterstaff of Pusipos {distort, *Contam rElec MR++ Str-5} (You found it on level 7 of the Dungeon)
  5940 | D:7      | Found a white marble altar of Elyvilon.
  5942 | D:7      | Reached ** piety under Hepliaklqana
  5946 | D:7      | Remembered your ancestor Ferran as a battlemage
  6004 | D:7      | Reached skill level 5 in Short Blades
  6004 | D:7      | Reached skill level 5 in Long Blades
  6004 | D:7      | Reached skill level 5 in Axes
  6004 | D:7      | Reached skill level 5 in Maces & Flails
  6004 | D:7      | Reached skill level 5 in Polearms
  6004 | D:7      | Reached skill level 5 in Staves
  6004 | D:7      | Reached skill level 5 in Slings
  6004 | D:7      | Reached skill level 5 in Bows
  6004 | D:7      | Reached skill level 5 in Crossbows
  6004 | D:7      | Reached skill level 5 in Dodging
  6004 | D:7      | Reached skill level 5 in Stealth
  6004 | D:7      | Reached skill level 5 in Unarmed Combat
  6004 | D:7      | Reached skill level 5 in Spellcasting
  6004 | D:7      | Reached skill level 5 in Evocations
  6337 | D:8      | Found the amulet of Vitality {Regen+ HP+15}
  6337 | D:8      | Noticed a deep elf mage
  6340 | D:8      | Found an iron altar of Okawaru.
  6342 | D:8      | Killed a deep elf mage
  6880 | D:8      | HP: 3/71 [poisoned by a queen bee]
  6881 | D:8      | HP: 1/71 [killer bee (2)]
  6883 | D:8      | Succumbed to a queen bee's poison

Skill      XL: |  1  2  3  4  5  6  7  8  9 10 |
---------------+-------------------------------+-----
Invocations    | 1 2 3 4 5 6 |  6.1
Short Blades   | 1 2 3 4 5 |  5.5
Long Blades    | 1 2 3 4 5 |  5.5
Axes           | 1 2 3 4 5 |  5.5
Maces & Flails | 1 2 3 4 5 |  5.5
Polearms       | 1 2 3 4 5 |  5.5
Staves         | 1 2 3 4 5 |  5.5
Slings         | 1 2 3 4 5 |  5.5
Bows           | 1 2 3 4 5 |  5.5
Crossbows      | 1 2 3 4 5 |  5.5
Dodging        | 1 2 3 4 5 |  5.5
Stealth        | 1 2 3 4 5 |  5.5
Unarmed Combat | 1 2 3 4 5 |  5.5
Spellcasting   | 1 2 3 4 5 |  5.5
Evocations     | 1 2 3 4 5 |  5.5
Conjurations   | 1 2 3 4 |  4.5
Hexes          | 1 2 3 4 |  4.5
Charms         | 1 2 3 4 |  4.5
Necromancy     | 1 2 3 4 |  4.5
Translocations | 1 2 3 4 |  4.5
Transmutations | 1 2 3 4 |  4.5
Fire Magic     | 1 2 3 4 |  4.5
Ice Magic      | 1 2 3 4 |  4.5
Air Magic      | 1 2 3 4 |  4.5
Earth Magic    | 1 2 3 4 |  4.5
Poison Magic   | 1 2 3 4 |  4.5
Throwing       | 3 4 5 6 |  6.1
Shields        | 3 4 5 6 |  6.1
Fighting       | 5 6 7 |  7.2
Armour         | 7 8 |  8.7
Summonings     | 6 7 |  7.2

Action                   |  1- 3 |  4- 6 |  7- 9 | 10-12 || total
-------------------------+-------+-------+-------+-------++-------
Melee: Club              |   171 |       |       |       ||   171
       Bite              |    21 |    11 |    37 |     8 ||    77
       Mace              |    11 |    95 |       |       ||   106
       Flail             |       |    37 |       |       ||    37
       Morningstar       |       |     5 |   278 |    64 ||   347
       Punch             |       |       |     6 |       ||     6
       Quarterstaff      |       |       |       |   106 ||   106
 Cast: Summon Guardian G |       |       |     2 |     2 ||     4
       Call Canine Famil |       |       |     5 |     2 ||     7
Invok: Recall Ancestor   |       |       |     3 |       ||     3
       Ancestor Life: Ba |       |       |       |     1 ||     1
Evoke: Wand              |       |     1 |     1 |       ||     2
  Use: Potion            |       |     4 |    10 |     2 ||    16
       Scroll            |       |     7 |     7 |       ||    14
 Stab: Paralysed         |       |     3 |     3 |       ||     6
       Sleeping          |       |       |     2 |     3 ||     5
       Distracted        |       |       |     1 |       ||     1
  Eat: Chunk             |     1 |     4 |    11 |     4 ||    20
       Ration            |       |       |       |     1 ||     1
Armor: Scale mail        |   132 |    89 |   132 |    80 ||   433
       Skin              |       |       |     8 |       ||     8
Dodge: Dodged            |   137 |    78 |   215 |   152 ||   582
Block: Large shield      |       |       |     9 |       ||     9
